 Dungeon Crawl Stone Soup version 0.18-a0-952-g309898a (webtiles) character file.

176 M4edhros the Sneak (level 5, -9/33 HPs)
             Began as an Octopode Artificer on Dec 31, 2015.
             Mangled by an iguana (11 damage)
             ... on level 5 of the Dungeon.
             The game lasted 00:03:51 (1297 turns).

M4edhros the Sneak (Octopode Artificer)             Turns: 1297, Time: 00:03:52

Health: -9/33      AC:  1    Str: 10    XL:     5   Next: 56%
Magic:  0/8        EV: 13    Int: 16    God:
Gold:   77         SH:  0    Dex: 12    Spells: 0 memorised, 4 levels left

rFire  . . .     SeeInvis .     z - -1 trident (curse)
rCold  . . .     Gourm    .     (no shield)
rNeg   . . .     Faith    .     (helmet restricted)
rPois  +         Spirit   +     p - amulet of guardian spirit
rElec  .         Dismiss  .     s - ring of poison resistance
rCorr  .         Reflect  .     (no ring)
SustAt .         Harm     .     (no ring)
MR     .....                    (no ring)
Stlth  ++++......               (no ring)
                                (no ring)
                                (no ring)
                                (no ring)

@: not resistant to hostile enchantments, stealthy
A: almost no armour, amphibious, 8 rings, constrict 8, camouflage 1, gelatinous
body 1
a: no special abilities


You were on level 5 of the Dungeon.
You were very hungry.

You visited 1 branch of the dungeon, and saw 5 of its levels.

You collected 77 gold pieces.

Inventory:

Hand Weapons
 a - a +0 short sword
 e - a +0 hunting sling
 z - a cursed -1 trident (weapon)
Missiles
 q - 16 stones (quivered)
 u - 23 sling bullets
Jewellery
 p - an amulet of guardian spirit (around mantle)
 s - a ring of poison resistance (left tentacle)
Wands
 b - a wand of flame (15/48)
 c - a wand of enslavement (15/24)
 d - a wand of random effects (7/48)
Scrolls
 i - a scroll of identify {unknown}
 j - a scroll of amnesia {unknown}
 k - 2 scrolls of random uselessness {unknown}
 l - 2 scrolls of remove curse {unknown}
 n - a scroll of noise {unknown}
 o - a scroll of enchant weapon {unknown}
 v - a scroll of magic mapping {unknown}
 w - a scroll of teleportation {unknown}
 x - a scroll of fog {unknown}
 y - 2 scrolls of recharging {unknown}
Potions
 h - a potion of flight {unknown}
 m - a potion of cure mutation {unknown}
 r - 2 potions of curing {unknown}
 t - a potion of poison {unknown}
Comestibles
 f - a bread ration
 g - 3 beef jerkies


   Skills:
 - Level 1.0 Fighting
 - Level 1.0 Short Blades
 * Level 2.2 Slings
 * Level 3.4 Dodging
 * Level 4.2 Stealth
 + Level 4.0 Evocations


You had 4 spell levels left.
You didn't know any spells.

Dungeon Overview and Level Annotations

Branches:
Dungeon (5/15)
 Temple: D:4-7

Altars:
Elyvilon
Qazlal
Sif Muna
The Shining One

Annotations:
D:5 M4edhros's ghost, amateur OpAr


Innate Abilities, Weirdness & Mutations

You cannot wear most types of armour.
You are amphibious.
You can wear up to eight rings at the same time.
You can use your tentacles to constrict eight enemies at once.
Your skin changes colour to match your surroundings (Stealth).
Your rubbery body absorbs attacks (AC +1).


Message History

You constrict the iguana, but do no damage.
The iguana closely misses you.
You completely miss the iguana.
The iguana is lightly wounded.
You constrict the iguana. The iguana barely misses you.
The iguana barely misses you.
You hit the iguana.
The iguana is heavily wounded.
You constrict the iguana. The iguana barely misses you.
You hit the iguana but do no damage.
The iguana is severely wounded.
You constrict the iguana. The iguana bites you.
You hit the iguana but do no damage.
The iguana is severely wounded.
You constrict the iguana. The iguana bites you! The iguana bites you!
* * * LOW HITPOINT WARNING * * *
You hit the iguana but do no damage.
The iguana is almost dead.
You constrict the iguana. The iguana bites you!
You die...

.. . . ##. .( ...
# ...
######.#.#....
##....#.#....
..........#
.....#@# #..#l#
#....# #.#..#
#.#..# . #.#..#
..#######.##.##
..........##..####
...........#.....#


You could see an iguana.

Vanquished Creatures
  A scorpion (D:5)
  A hound (D:4)
  A worker ant (D:4)
  A hound skeleton (D:4)
  4 adders
  A worm (D:5)
  A giant gecko (D:5)
  An orc (D:5)
  A bat zombie (D:4)
  2 giant cockroaches
  A hobgoblin (D:1)
  2 jackals (D:4)
  2 bats
  A giant newt (D:1)
  2 kobolds
  3 rats
25 creatures vanquished.

Notes
Turn   | Place    | Note
--------------------------------------------------------------
     0 | D:1      | M4edhros the Octopode Artificer began the quest for the Orb.
     0 | D:1      | Reached XP level 1. HP: 13/13 MP: 3/3
   391 | D:2      | Reached XP level 2. HP: 16/18 MP: 1/4
   448 | D:3      | Reached skill level 1 in Slings
   460 | D:3      | Reached XP level 3. HP: 20/23 MP: 5/5
   573 | D:3      | Found a glowing golden altar of the Shining One.
   573 | D:3      | Found a deep blue altar of Sif Muna.
   659 | D:4      | Found a stormy altar of Qazlal.
   663 | D:4      | Found a white marble altar of Elyvilon.
   667 | D:4      | Reached XP level 4. HP: 15/28 MP: 3/6
   863 | D:5      | Entered Level 5 of the Dungeon
   959 | D:5      | Noticed M4edhros's ghost (amateur OpAr)
   968 | D:5      | Noticed a phantom
   978 | D:5      | Reached skill level 4 in Stealth
   978 | D:5      | Reached XP level 5. HP: 28/33 MP: 7/7
  1297 | D:5      | Mangled by an iguana

Vault maps used:
D:1:      ncdulo_halloftheorcs
D:2:      lemuel_doored_altar
D:3:      makhleb_blood_cavern_becter, gammafunk_temple_overflow_wave,
          grunt_ministairs_13, kennysheep_generic_room_7
D:4:      grunt_temple_overflow_opulence, grunt_temple_overflow_open,
          kennysheep_vampire_church
D:5:      old_standard_altar, serial_shops, nicolae_shop_crystal, first_bread,
          wad_floor_pattern_1

Action                   |  1- 3 |  4- 6 || total
-------------------------+-------+-------++-------
Melee: Short sword       |    36 |    20 ||    56
       Trident           |       |     7 ||     7
Evoke: Wand              |       |     8 ||     8
 Stab: Sleeping          |     9 |     2 ||    11
